 Dungeon Crawl Stone Soup version 0.30-a0-956-gcec3b41aec (webtiles) character file.

Game seed: 921019285177960009

848 billz999 the Grappler (level 7, 0/66 HPs)
             Began as a Troll Fighter on Mar 29, 2023.
             Was a Follower of Makhleb.
             Slain by a gnoll
             ... wielding a +0 club
             ... led by a gnoll bouda
              (2 damage)
             ... on level 6 of the Dungeon.
             The game lasted 00:08:12 (4112 turns).

billz999 the Grappler (Troll Fighter)               Turns: 4112, Time: 00:08:13

Health: 0/66       AC:  4    Str: 27    XL:     7   Next: 69%
Magic:  6/6        EV: 10    Int:  4    God:    Makhleb [*.....]
Gold:   317        SH:  0    Dex:  9    Spells: 6/6 levels left

rFire   . . .      SeeInvis .      - Unarmed
rCold   . . .      Faith    .    (no shield)
rNeg    . . .      Spirit   .    a - +0 robe
rPois   .          Reflect  .    (helmet restricted)
rElec   .          Rampage  .    (no cloak)
rCorr   .                        (gloves unavailable)
Will    .....                    (boots unavailable)
Stlth   +                        (no amulet)
HPRegen 1.11/turn                w - ring of flight
MPRegen 0.10/turn                (no ring)

@: confused, ambrosia-drunk, weakened, flying
A: large, unfitting armour, claws 3, regeneration 1, shaggy fur 1, tough skin 1
a: Renounce Religion


You were on level 6 of the Dungeon.
You worshipped Makhleb.
Makhleb was aware of your devotion.
You visited 1 branch of the dungeon, and saw 7 of its levels.

You collected 317 gold pieces.

Inventory:

Missiles
 s - 8 poisoned darts (quivered)
Armour
 a - a +0 robe (worn)
 b - a +0 kite shield
Jewellery
 k - a ring of ice
 l - a ring of magical power
 w - a ring of flight (left claw)
Wands
 u - a wand of flame (32)
Scrolls
 e - 3 scrolls of poison
 g - 3 scrolls of blinking
 h - a scroll of vulnerability
 j - a scroll of brand weapon
 v - a scroll of magic mapping
 x - 3 scrolls of teleportation {unknown}
 y - a scroll of identify
Potions
 c - 2 potions of might
 d - 2 potions of degeneration
 f - 3 potions of curing
 i - a potion of berserk rage
 n - a potion of ambrosia
 o - a potion of attraction {unknown}
 t - a potion of lignification {unknown}
 z - a potion of brilliance {unknown}
 A - a potion of heal wounds {unknown}


   Skills:
 - Level 2.8 Fighting
 - Level 2.8 Dodging
 - Level 3.1 Shields
 + Level 8.3 Unarmed Combat


You had 6 spell levels left.
You didn't know any spells.
Your spell library contained the following spells:

 Spells                   Type           Power      Damage    Failure   Level
 Call Canine Familiar     Summ           0%         N/A       86%         3
 Portal Projectile        Hex/Tloc       0%         N/A       86%         3
 Leda's Liquefaction      Hex/Erth       0%         N/A       99%         4


Dungeon Overview and Level Annotations

Branches:
Dungeon (7/15)             Temple (0/1) D:6

Altars:
Ashenzari
Gozag
Hepliaklqana
Makhleb
Nemelex Xobeh
Okawaru
Trog

Shops:
D:1 *

Annotations:
D:4 1 runed translucent door, epsilonplus's ghost, amateur MiWn


Innate Abilities, Weirdness & Mutations

You are too large for most types of armour.
You have claws for hands.
Your natural rate of healing is unusually fast.
You are covered in fur. (AC +1)
You have tough skin. (AC +1)


Message History

The centaur shouts!
The gnoll is no longer moving quickly.
The centaur wields a +0 shortbow.
The centaur shoots an arrow.
The arrow hits you! The hound bites you. The gnoll barely misses you.
You claw the gnoll!
You kill the gnoll!
Makhleb accepts your kill. The hound bites you.
* * * LOW HITPOINT WARNING * * *
The centaur shoots an arrow.
The arrow hits you.
* * * LOW HITPOINT WARNING * * *
The gnoll bouda barks out a call to the hunt!
It was a potion of ambrosia.
You are confused.
You feel invigorated. The hound bites you.
* * * LOW HITPOINT WARNING * * *
The hound bites you but does no damage.
The gnoll is no longer moving quickly.
The hound closely misses you. The gnoll closely misses you.
The gnoll bouda gazes fiercely through you!
You feel your attacks grow feeble. The gnoll attacks as you move away!
The gnoll hits you with a +0 club.
* * * LOW HITPOINT WARNING * * *
The gnoll attacks as you move away! The gnoll barely misses you.
The hound bites you.
* * * LOW HITPOINT WARNING * * *
The centaur shoots an arrow.
The arrow misses you. The gnoll completely misses you. The hound bites you.
* * * LOW HITPOINT WARNING * * *
The centaur shoots an arrow.
The arrow hits you!
* * * LOW HITPOINT WARNING * * *
The hound attacks as you move away! The hound bites you.
* * * LOW HITPOINT WARNING * * *
The centaur shoots an arrow.
The arrow hits you.
* * * LOW HITPOINT WARNING * * *
The gnoll closely misses you.
Unknown command.
The hound attacks as you move away! The hound barely misses you.
The gnoll attacks as you move away! The gnoll hits you with a +0 club.
You die...

*,,,,,,,,,,..##....>......##,,*
*,,,,,,,,#,,......##.......#..#
***,,,,*##.,###...##...........
**,,,,,,*#..#* #....#..)....#...
*,,,,*,,##...#*#..f..gg..#..#,,*
**,,,,*,,......##...###f.###...#*
*,,,*,*,*........gg)# #...#.....#
,,,,,***,........g..# ##....#....
,,*,,,*,,,#.....@hg.#**#....#..#.
,,,*,,,,,#.........$........#,..,
*****,>,*####.............#...,,*
,,,*,,,,,*,......c##.....###..,**
,,*,,,*,,,#......##,.....,*,,*,,*
*,,,,***,....#....**.....,,,,*,,,
**,,*,*,*......#..**#....#,,,,,,,
*,,,,*,,......##.#**,,,,,*,**,,,
*,,,,*,,***,,***,..,,,,,,,#*,,,,


You could see a sleepcap, a centaur, a gnoll bouda, a hound and 3 gnolls.

Vanquished Creatures
  Grinder (D:3)
  A black bear (D:5)
  A centaur (D:5)
  A bullfrog (D:7)
  A hound (D:4)
  A jelly (D:4)
  Terence (D:3)
  3 iguanas
  An orc wizard (D:5)
  Robin (D:3)
  2 gnolls (D:6)
  11 adders
  2 worms
  5 dart slugs
  9 orcs
  3 endoplasms
  4 giant cockroaches
  15 goblins
  6 hobgoblins
  4 jackals (D:5)
  7 kobolds
  4 quokkas
  8 ball pythons
  5 bats
  9 frilled lizards
  10 rats
116 creatures vanquished.

Vanquished Creatures (others)
  A fungus (D:3)
1 creature vanquished.

Grand Total: 117 creatures vanquished

Notes
Turn   | Place    | Note
-------+----------+-------------------------------------------
     0 | D:1      | billz999 the Troll Fighter began the quest for the Orb.
     0 | D:1      | Reached XP level 1. HP: 22/22 MP: 0/0
    58 | D:1      | Found Guwok's General Store.
   331 | D:1      | Reached XP level 2. HP: 29/29 MP: 1/1
   847 | D:1      | Found a faded altar of an unknown god.
  1097 | D:2      | Reached XP level 3. HP: 36/36 MP: 2/2
  1609 | D:2      | Reached XP level 4. HP: 41/44 MP: 3/3
  1630 | D:2      | Reached skill level 3 in Unarmed Combat
  2096 | D:3      | Found a burning altar of Makhleb.
  2156 | D:3      | Noticed Robin
  2157 | D:3      | Noticed Terence
  2171 | D:3      | Killed Robin
  2175 | D:3      | Killed Terence
  2176 | D:3      | Reached skill level 4 in Unarmed Combat
  2183 | D:3      | Became a worshipper of Makhleb the Destroyer
  2249 | D:3      | Reached XP level 5. HP: 52/52 MP: 4/4
  2304 | D:3      | Noticed Grinder
  2310 | D:3      | Paralysed by Grinder for 4 turns
  2324 | D:3      | Killed Grinder
  2325 | D:3      | Reached skill level 5 in Unarmed Combat
  2325 | D:3      | Reached XP level 6. HP: 17/59 MP: 5/5
  2433 | D:3      | Reached skill level 6 in Unarmed Combat
  2491 | D:3      | Found an iron altar of Okawaru.
  2764 | D:4      | Found a hazy altar of Hepliaklqana.
  2841 | D:4      | Reached * piety under Makhleb
  3038 | D:4      | Found a runed translucent door.
  3050 | D:4      | Noticed epsilonplus's ghost (amateur MiWn)
  3166 | D:4      | Found a bloodstained altar of Trog.
  3366 | D:5      | Entered Level 5 of the Dungeon
  3391 | D:5      | Reached XP level 7. HP: 60/66 MP: 6/6
  3402 | D:5      | Reached skill level 7 in Unarmed Combat
  3566 | D:5      | Found an opulent altar of Gozag.
  3566 | D:5      | Found a sparkling altar of Nemelex Xobeh.
  3745 | D:5      | Reached skill level 8 in Unarmed Combat
  4056 | D:6      | You are sucked into a shaft and drop 1 floor!
  4056 | D:7      | Found a broken altar of Ashenzari.
  4111 | D:6      | HP: 3/66 [hound (1)]
  4112 | D:6      | Slain by a gnoll

Illustrated notes

Levels and vault maps discovered:
D:1:      psy_arrival_wood_between_worlds, layout_loops_corners, serial_shops,
          shop, shapermc_ecumenical_altar_venn
D:2:      layout_basic, hangedman_decor_clover_reticule, minmay_lizard_pond
D:3:      layout_loops_ring, mainiacjoe_overflow_24_doors,
          mainiacjoe_overflow_tiny_flanked, kennysheep_generic_room_10,
          uniq_terence, uniq_grinder, uniq_robin
D:4:      layout_cave_pools, nzn_hepliaklqana_mist_gate,
          mainiacjoe_overflow_cross_hatched, ebering_ghost_sewer_d
D:5:      layout_rooms, grunt_temple_overflow_opulence
D:6:      layout_cave_pools, minmay_temple_entry_arrows, serial_glass,
          glass_columns_a, glass_columns_a, glass_columns_a, glass_columns_a,
          glass_columns_b, glass_columns_a, glass_columns_a, glass_columns_b,
          minmay_strange_pillars, item_on_display_a, enter_ossuary_4
D:7:      minmay_the_grid_octo_tiled_squarecenter
          [minmay_the_grid_octo_pinwheel, minmay_the_grid_octo_vomiting_pacman,
          minmay_the_grid_octo_thin_diamonds, minmay_the_grid_octo_teeth,
          minmay_the_grid_square_5x5_megaprize_checkered,
          minmay_the_grid_square_5x5_n_small,
          minmay_the_grid_square_5x5_minivault, minmay_the_grid_square_5x5_meh,
          minmay_the_grid_square_5x5_shrine1], layout_basic, tso_altar,
          nicolae_ashenzari_panopticon, enter_bailey_3

Skill      XL: |  1  2  3  4  5  6  7 |
---------------+----------------------+-----
Shields        | 3 |  3.1
Unarmed Combat | 4 5 6 8 |  8.3
Fighting       | |  2.8
Dodging        | |  2.8

Action                     |  1- 3 |  4- 6 |  7- 9 || total
---------------------------+-------+-------+-------++-------
  Melee: Unarmed           |   120 |   131 |    43 ||   294
         Punch             |       |     3 |     1 ||     4
    Use: Scroll            |       |     7 |     6 ||    13
         Potion            |       |       |     1 ||     1
   Stab: Sleeping          |     1 |     1 |       ||     2
 Armour: Robe              |    32 |    28 |    14 ||    74
  Dodge: Dodged            |    46 |    44 |    33 ||   123
  Block: Kite shield       |    35 |       |       ||    35

Table legend: (Time is in decaauts)
 A = Elapsed time spent in this place.
 B = Non-inter-level travel time spent in this place.
 C = Inter-level travel time spent in this place.
 D = Time resting spent in this place.
 E = Time spent auto-exploring this place.
 F = Levels seen in this place.
 G = Mean time per level.
                   A        B        C        D        E       F      G
               +--------+--------+--------+--------+--------+-----+--------+
         Total |   4097 |   3938 |    159 |    328 |   2746 |   7 |  585.3 |
       Dungeon |   4097 |   3938 |    159 |    328 |   2746 |   7 |  585.3 |
               +--------+--------+--------+--------+--------+-----+--------+

Top non-repeatable levels by time:
     D:1: 1049 daAuts
     D:2: 1045 daAuts
     D:5: 654 daAuts
     D:3: 636 daAuts
     D:4: 627 daAuts
     D:6: 53 daAuts
     D:7: 30 daAuts
